 Dungeon Crawl Stone Soup version 0.30-a0-691-g754fce4c43 (webtiles) character file.

Game seed: 15764246058581276408

585 tilp the Devout (level 7, -3/60 HPs)
             Began as a Meteoran Fighter on Jan 19, 2023.
             Was a Priest of Zin.
             Slain by Pikel
             ... wielding a +2 whip of flaming
              (10 damage)
             ... on level 7 of the Dungeon.
             The game lasted 00:09:52 (1930 turns).

tilp the Devout (Meteoran Fighter)                  Turns: 1930, Time: 00:09:53

Health: -3/60      AC: 11    Str: 16    XL:     7   Next: 97%
Magic:  11/11      EV: 11    Int: 12    God:    Zin [***...]
Gold:   283        SH:  0    Dex: 21    Spells: 6/6 levels left

rFire   . . .      SeeInvis .    a - +0 long sword
rCold   . . .      Faith    .    c - +0 buckler
rNeg    . . .      Spirit   .    l - +0 scale mail
rPois   ∞          Reflect  .    (no helmet)
rElec   +          Harm     .    n - +1 cloak
rCorr   .          Rampage  .    u - +0 pair of gloves
Will    .....                    o - +0 pair of boots Stlth
                                 (no amulet)
HPRegen 0.30/turn                p - ring "Wothulyr" {Wiz rElec Str-3 Int+2 Dex+4 Slay+3}
MPRegen 0.12/turn                (no ring)

@: confused, mighty, vitalised, ambrosia-drunk, glowing, studying Invocations
A: sense surroundings 1, otherworldly, glowing, explore regen
a: Renounce Religion, Recite, Vitalisation, Imprison, Donate Gold


You were on level 7 of the Dungeon.
You worshipped Zin.
Zin was most pleased with you.
You visited 1 branch of the dungeon, and saw 7 of its levels.
You also visited: Sewer.

You collected 314 gold pieces.
You donated 31 gold pieces to Zin.

Inventory:

Hand Weapons
 a - a +0 long sword (weapon)
 b - a +4 whip
Missiles
 f - a throwing net {!f}
 g - 15 stones
 i - 6 javelins (quivered)
Armour
 c - a +0 buckler (worn)
 l - a +0 scale mail (worn)
 n - a +1 cloak (worn)
 o - a +0 pair of boots (worn)
 u - a +0 pair of gloves (worn)
Jewellery
 p - the ring "Wothulyr" (left hand) {Wiz rElec Str-3 Int+2 Dex+4 Slay+3}
   (You acquired it in a sewer)

   [ring of wizardry]

   It improves your spell success rate.
   Str:       It affects your strength (-3).
   Int:       It affects your intelligence (+2).
   Dex:       It affects your dexterity (+4).
   Slay:      It affects your accuracy & damage with ranged weapons and melee
   (+3).
   rElec:     It insulates you from electricity.
Scrolls
 j - a scroll of fear {unknown}
 q - 2 scrolls of teleportation
Potions
 e - 2 potions of curing
 m - a potion of heal wounds {unknown}
 r - a potion of haste
 s - a potion of brilliance {unknown}
 t - 4 potions of flight


   Skills:
 * Level 4.4 Fighting
 + Level 4.1 Long Blades
 + Level 2.3 Throwing
 + Level 4.2 Armour
 + Level 4.1 Dodging
 + Level 2.1 Stealth
 - Level 4.0 Shields
 + Level 4.5 Invocations


You had 6 spell levels left.
You didn't know any spells.
Your spell library was empty.

Dungeon Overview and Level Annotations

Branches:
Dungeon (7/15) Zot: 2620   Temple (0/1) D:4           Sewer (visited)

Altars:
Zin

Annotations:
D:7 Pikel, Prince Ribbit


Innate Abilities, Weirdness & Mutations

You passively map a small area around you.
You are easily found by Zot.
You glow in the dark.
You regain HP and MP as you explore.


Message History

The necrophage is severely damaged.
The necrophage hits you but does no damage.
Prince Ribbit comes into view.
You closely miss the necrophage.
The necrophage is severely damaged.
Prince Ribbit croaks.
The necrophage hits you but does no damage. x2
You slash the necrophage!
The necrophage is almost destroyed.
Prince Ribbit blinks!
The necrophage closely misses you.
You barely miss the necrophage.
The necrophage is almost destroyed.
Pikel says, "All the lords of Hell know my name!"
The necrophage hits you but does no damage.
You closely miss the necrophage.
The necrophage is almost destroyed.
The necrophage barely misses you.
You slash the necrophage!
You destroy the necrophage!
Zin accepts your kill.
Pikel zaps a wand.
The puff of flame hits you.
* * * LOW HITPOINT WARNING * * *
You slash Pikel!
Pikel is moderately wounded.
Pikel zaps a wand.
The puff of flame hits you!
* * * LOW HITPOINT WARNING * * *
Prince Ribbit blinks!
You slash Pikel!
Pikel is moderately wounded.
You block Pikel's attack.
You barely miss Pikel.
Pikel is moderately wounded.
Pikel zaps a wand.
The puff of flame misses you.
You slash Pikel!
Pikel is severely wounded.
Pikel hits you but does no damage. x2
You are confused.
You feel invigorated.
Pikel hits you with a +2 whip of flaming!
You die...

* * #..≈≈..
#..≈≈~ , #...~###
* * ##...... , ,
.....### * **
#.#....# , ,
#######5F....#.#,
#...@K555.......
,
#.######........,
* ##....#.. ###.#
# * * *, , * ,


You could see Prince Ribbit, Pikel and 4 lemures.

Vanquished Creatures
  A necrophage (D:7)
  2 scorpions (D:5)
  4 killer bees (D:7)
  An iguana (D:5)
  6 river rats
  9 adders
  A white imp (D:6)
  A worm (Sewer)
  2 dart slugs
  10 ball pythons
  7 bats
  5 endoplasms
  5 giant cockroaches
  3 hobgoblins
  4 jackals
  3 quokkas
  3 frilled lizards
  4 goblins
  A kobold (D:2)
  3 rats
75 creatures vanquished.

Notes
Turn   | Place    | Note
-------+----------+-------------------------------------------
     0 | D:1      | tilp the Meteoran Fighter began the quest for the Orb.
     0 | D:1      | Reached XP level 1. HP: 19/19 MP: 2/2
   128 | D:1      | Reached XP level 2. HP: 26/26 MP: 3/3
   140 | D:2      | Found a glowing silver altar of Zin.
   202 | D:2      | Became a worshipper of Zin the Law-Giver
   233 | D:1      | Reached * piety under Zin
   565 | D:2      | Reached XP level 3. HP: 26/31 MP: 4/4
   586 | D:2      | Reached ** piety under Zin
   677 | D:3      | Reached skill level 1 in Dodging
   782 | D:2      | Reached XP level 4. HP: 32/34 MP: 5/5
   808 | D:2      | Reached skill level 1 in Invocations
  1039 | D:4      | Found a staircase to the Ecumenical Temple.
  1082 | D:4      | Reached *** piety under Zin
  1092 | D:5      | Entered Level 5 of the Dungeon
  1112 | D:5      | Noticed a scorpion
  1125 | D:5      | Killed a scorpion
  1126 | D:5      | Reached skill level 1 in Throwing
  1126 | D:5      | Reached skill level 1 in Stealth
  1126 | D:5      | Reached XP level 5. HP: 21/46 MP: 5/7
  1157 | D:5      | Reached XP level 6. HP: 12/52 MP: 8/8
  1225 | D:5      | Found a glowing drain.
  1289 | Sewer    | Entered a sewer
  1555 | Sewer    | Reached XP level 7. HP: 42/59 MP: 10/10
  1664 | Sewer    | Identified a scroll of acquirement
  1664 | Sewer    | Acquired the ring "Wothulyr" {Wiz rElec Str-3 Int+2 Dex+4
                  | Slay+3}
  1688 | Sewer    | Glimpsed the power of Zot.
  1834 | D:4      | Acquired a manual of Invocations
  1906 | D:7      | Noticed Pikel
  1920 | D:7      | Noticed Prince Ribbit
  1926 | D:7      | HP: 2/60 [Pikel/puff of flame (7)]
  1930 | D:7      | Slain by Pikel

Illustrated notes

Levels and vault maps discovered:
D:1:      dpeg_arrival_arbitrary_b, layout_loops_ring
D:2:      layout_loops_cross, basic_altar, chequers_ecumenical_altar_island,
          minmay_diced_spiral, uniq_crazy_yiuf_cottage
D:3:      layout_loops_ring, nicolae_uskayaw_en_pointe,
          mainiacjoe_overflow_paths, lemuel_tele_altar, grunt_decor_mini_mirrors
D:4:      layout_layer_cave, amcnicky_altar_gilded, tgw_fedhas,
          lemuel_doored_altar, minmay_temple_entry_wispy
D:5:      layout_loops_ring, nemelex_diamond_rough_becter, portal_sewer_entry_a,
          chequers_serial_rivers_room_b
D:6:      layout_basic
D:7:      layout_loops_ring, okawaru_altar_gauntlet_db, serial_rivers,
          chequers_serial_rivers_small_3, chequers_serial_rivers_micro_d,
          chequers_serial_rivers_micro_e, chequers_serial_rivers_small_a,
          chequers_serial_rivers_micro_e, uniq_pikel, uniq_prince_ribbit1

Skill      XL: |  1  2  3  4  5  6  7 |
---------------+----------------------+-----
Shields        | 4 |  4.0
Dodging        | 1 2 4 |  4.1
Long Blades    | 3 4 |  4.1
Invocations    | 1 2 3 4 |  4.5
Armour         | 4 |  4.2
Throwing       | 1 2 |  2.3
Stealth        | 1 2 |  2.1
Fighting       | 4 |  4.4

Action                   |  1- 3 |  4- 6 |  7- 9 || total
-------------------------+-------+-------+-------++-------
Melee: Long sword        |    80 |   205 |    50 ||   335
Invok: Vitalisation      |       |     1 |     1 ||     2
  Use: Scroll            |     1 |     2 |     4 ||     7
       Potion            |       |       |     3 ||     3
Armor: Scale mail        |    39 |   164 |    28 ||   231
Dodge: Dodged            |    47 |   116 |    30 ||   193
Block: Buckler           |    23 |    85 |    13 ||   121

Table legend: (Time is in decaauts)
 A = Elapsed time spent in this place.
 B = Non-inter-level travel time spent in this place.
 C = Inter-level travel time spent in this place.
 D = Time resting spent in this place.
 E = Time spent auto-exploring this place.
 F = Levels seen in this place.
 G = Mean time per level.
                   A        B        C        D        E       F      G
               +--------+--------+--------+--------+--------+-----+--------+
         Total |   2093 |   1872 |    221 |     34 |      0 |   8 |  261.6 |
       Dungeon |   1579 |   1358 |    221 |      0 |      0 |   7 |  225.6 |
         Sewer |    514 |    514 |      0 |     34 |      0 |   1 |  514.0 |
               +--------+--------+--------+--------+--------+-----+--------+

Top non-repeatable levels by time:
   Sewer: 514 daAuts
     D:2: 453 daAuts
     D:1: 433 daAuts
     D:5: 335 daAuts
     D:4: 154 daAuts
     D:3: 132 daAuts
     D:7: 55 daAuts
     D:6: 14 daAuts
